Map: New Repugnancy LE

Players

HateMe - Winner!

  • Race: Zerg Zerg
  • Spawn Location: 1:00

Awers

  • Race: Terran Terran
  • Spawn Location: 7:00

Event: 2019 WCS Spring

VOD

Have the link to the VOD?

Description

Time

  • Played on: May 17, 2019, 12:18 p.m.
  • Length: 18:49

All games in this series

Show
View Real Time Build Order
Export as new Build Order

HateMe Zerg - Winner!

Build Orders: Hatch First, Brood Lord Corruptor 

Get SALT Encoding   

  12  0:00  Drone  
  13  0:13  Overlord  
  13  0:19  Drone  
  14  0:32  Drone x2  
  16  0:49  Hatchery  
  15  0:53  Drone  
  15  0:56  Drone  
  17  0:59  Drone  
  18  1:10  Extractor  
  17  1:15  Spawning Pool  
  16  1:19  Drone  
  16  1:22  Drone  
  18  1:28  Drone  
  19  1:39  Drone  
  20  1:51  Overlord  
  20  2:01  Queen  
  20  2:02  Queen, Zergling x4  
  26  2:12  Drone x2  
  26  2:14  Metabolic Boost  
  28  2:23  Drone  
  28  2:32  Spore Crawler  
  28  2:34  Drone x3  
  31  2:39  Queen  
  31  2:42  Queen  
  35  3:00  Drone  
  35  3:01  Overlord  
  35  3:05  Hatchery  
  35  3:14  Overlord, Drone  
  36  3:20  Drone x4  
  36  3:21  Drone  
  36  3:24  Drone  
  42  3:29  Spore Crawler  
  42  3:32  Drone x2  
  44  3:38  Drone x2  
  46  3:44  Drone  
  46  3:45  Drone  
  46  3:46  Baneling Nest  
  47  3:51  Overlord  
  47  3:53  Drone  
  47  3:55  Queen  
  50  3:59  Queen  
  51  4:05  Drone  
  52  4:12  Zergling x12  
  58  4:18  Queen  
  58  4:21  Overlord  
  58  4:24  Drone x3  
  63  4:25  Drone  
  63  4:29  Drone  
  63  4:30  Drone  
  66  4:33  Overlord  
  66  4:41  Overlord x2  
  66  4:45  Overlord  
  66  4:48  Lair  
  66  4:49  Overlord  
  66  4:52  Drone x2  
  68  4:54  Drone x2  
  68  4:59  Spore Crawler x2  
  68  5:02  Drone x2  
  68  5:05  Drone x3  
  73  5:07  Drone  
  73  5:13  Roach Warren  
  72  5:14  Drone  
  72  5:15  Drone x2  
  72  5:17  Drone  
  72  5:18  Drone x2  
  78  5:22  Drone  
  78  5:24  Drone x2  
  78  5:26  Extractor  
  78  5:27  Drone  
  78  5:28  Extractor x2, Drone  
  80  5:29  Drone  
  80  5:34  Overlord  
  81  5:35  Extractor  
  81  5:37  Extractor, Baneling x2  
  81  5:38  Baneling  
  81  5:39  Drone x5  
  81  5:40  Drone  
  81  5:41  Drone  
  86  5:48  Zergling x2  
  87  5:50  Baneling x8  
  87  5:56  Zergling x10  
  87  6:05  Zergling x18  
  94  6:12  Drone  
  94  6:18  Drone x2  
  97  6:22  Drone x3  
  100  6:28  Drone  
  101  6:33  Evolution Chamber x2  
  101  6:34  Hatchery  
  101  6:35  Queen x3  
  101  6:39  Glial Reconstitution, Overlord x2  
  104  6:42  Roach x3  
  104  6:46  Overlord  
  110  6:48  Spore Crawler  
  110  6:50  Roach x2  
  110  6:52  Overlord  
  113  6:59  Roach x4  
  113  7:01  Zerg Missile Weapons Level 1  
  121  7:04  Zerg Ground Armor Level 1  
  121  7:07  Drone x3  
  121  7:08  Drone  
  125  7:11  Overlord  
  125  7:17  Drone x2  
  127  7:23  Drone x3  
  127  7:24  Overlord x2, Drone  
  127  7:25  Roach  
  127  7:26  Roach  
  133  7:36  Roach x5  
  137  7:43  Infestation Pit  
  136  7:51  Queen  
  138  7:53  Overlord  
  138  7:57  Roach x10  
  148  8:07  Drone x3  
  148  8:09  Drone x3  
  154  8:18  Spore Crawler  
  153  8:25  Hive  
  153  8:28  Spire  
  153  8:31  Swarm Host  
  152  8:36  Drone x13  
  161  8:52  Drone x6  
  146  9:03  Drone  
  146  9:04  Drone x12  
  159  9:10  Extractor  
  159  9:11  Extractor  
  159  9:14  Ravager x6, Overlord  
  159  9:16  Roach x2  
  167  9:25  Overlord x2  
  167  9:27  Drone  
  167  9:28  Drone x2  
  170  9:35  Spore Crawler  
  169  9:43  Corruptor x6  
  181  9:49  Greater Spire  
  179  9:59  Roach x10  
  185  10:08  Roach x6  
  187  10:18  Roach  
  187  10:19  Roach x5  
  199  10:27  Ravager x3  
  180  10:45  Roach x13  
  186  10:51  Ravager x3  
  186  11:06  Roach x6  
  174  11:29  Brood Lord x3  
  174  11:31  Zergling x24  
  192  11:38  Overlord x2  
  192  11:43  Spore Crawler, Spine Crawler  
  192  11:44  Spine Crawler  
  189  11:50  Drone x3  
  192  11:55  Hatchery  
  192  11:58  Spore Crawler x2  
  192  11:59  Corruptor, Brood Lord x2  
  192  12:00  Spore Crawler, Corruptor x3, Spine Crawler  
  195  12:04  Spine Crawler  
  190  12:12  Corruptor  
  190  12:13  Corruptor  
  191  12:36  Brood Lord x2  
  191  12:37  Brood Lord  
  194  12:45  Brood Lord x2  
  194  12:46  Extractor  
  194  12:50  Drone x2  
  195  13:02  Corruptor x3  
  196  13:08  Corruptor  
  196  13:09  Corruptor  
  197  13:17  Extractor, Drone  
  197  13:18  Drone  
  181  14:02  Zerg Flyer Weapons Level 1  
  181  14:04  Brood Lord x6  
  181  14:06  Corruptor x3  
  193  14:22  Roach x5  
  199  14:31  Roach x4  
  187  14:38  Roach  
  187  14:39  Roach x5  
  185  14:55  Brood Lord  
  185  14:56  Brood Lord x2  
  184  15:02  Roach x9  
  188  15:08  Corruptor x5  
  181  15:18  Corruptor x3  
  161  15:26  Roach x6  
  166  15:34  Roach x2  
  160  15:47  Drone  
  160  15:48  Drone x2  
  160  15:49  Drone x7  
  158  15:54  Overseer x2  
  158  15:58  Brood Lord x4  
  158  16:01  Zergling x2  
  158  16:02  Zergling x8  
  171  16:10  Brood Lord x2  
  175  16:14  Roach x3  
  175  16:15  Roach x2  
  185  16:20  Corruptor  
  185  16:21  Corruptor  
  185  16:23  Hatchery  
  177  16:36  Roach x8  
  184  16:48  Drone x11  
  193  17:00  Corruptor x4  
  199  17:10  Spine Crawler x2  
  199  17:15  Ravager x2  
  193  17:34  Drone  
  193  17:35  Drone x2  
  193  17:36  Drone x8  
  200  17:49  Roach x2  
  194  17:57  Roach x11  
  181  18:04  Roach x3  
  166  18:09  Roach  
  166  18:10  Roach x2  
  160  18:17  Roach x4  
  160  18:20  Roach x2  
  158  18:42  Ravager x4  
  158  18:43  Ravager  
Show
View Real Time Build Order
Export as new Build Order

Awers Terran 

Build Orders: Reaper Expand, Mech 

Get SALT Encoding   

  12  0:00  SCV  
  13  0:12  SCV  
  14  0:17  Supply Depot  
  14  0:25  SCV  
  15  0:39  SCV  
  15  0:40  Barracks  
  16  0:43  Refinery  
  16  0:51  SCV  
  17  1:03  SCV  
  18  1:15  SCV  
  19  1:27  Orbital Command  
  19  1:28  Reaper  
  20  1:42  Command Center  
  20  1:51  Supply Depot  
  20  1:54  SCV  
  20  1:59  Marine  
  22  2:06  SCV  
  23  2:16  Factory  
  23  2:20  SCV  
  23  2:22  Barracks Reactor  
  24  2:33  SCV  
  25  2:44  Command Center  
  25  2:50  SCV  
  26  2:54  Refinery  
  26  2:57  Orbital Command  
  26  3:02  SCV  
  27  3:08  Starport  
  27  3:14  SCV  
  27  3:15  Hellion  
  30  3:20  Hellion  
  30  3:23  SCV  
  33  3:30  SCV  
  34  3:37  SCV  
  35  3:42  SCV  
  35  3:44  Hellion x2  
  35  3:47  Fusion Core  
  40  3:49  Starport Tech Lab  
  40  3:50  SCV  
  40  3:54  SCV  
  42  4:01  Orbital Command  
  41  4:03  SCV  
  41  4:08  SCV  
  41  4:09  Refinery x2  
  43  4:15  SCV  
  44  4:21  SCV  
  45  4:27  SCV  
  46  4:33  SCV x2, Supply Depot  
  46  4:35  Battlecruiser  
  54  4:39  SCV  
  54  4:45  SCV, Hellion  
  58  4:46  Hellion  
  58  4:51  Orbital Command  
  60  4:53  SCV  
  60  4:56  Supply Depot  
  60  4:58  Armory  
  60  4:59  Armory, SCV  
  62  5:06  SCV  
  63  5:11  SCV  
  64  5:14  Barracks Tech Lab  
  64  5:15  Factory  
  64  5:17  Factory  
  64  5:18  SCV  
  64  5:19  SCV, Supply Depot  
  66  5:23  SCV  
  66  5:28  Hellion x2  
  71  5:31  SCV  
  71  5:32  SCV  
  73  5:36  SCV, Refinery  
  73  5:37  Refinery  
  73  5:40  Supply Depot  
  74  5:46  SCV, Engineering Bay  
  74  5:47  Starport Reactor  
  74  5:49  SCV x2  
  77  5:58  SCV  
  77  6:01  SCV  
  79  6:06  SCV  
  79  6:07  Factory x2  
  79  6:10  SCV, Hellion x2  
  75  6:14  Siege Tank  
  75  6:15  Siege Tank  
  75  6:16  SCV  
  82  6:20  SCV  
  82  6:23  Terran Vehicle And Ship Armor Level 1, Terran Vehicle Weapons Level 1  
  83  6:29  SCV  
  83  6:30  SCV  
  83  6:32  Supply Depot x2  
  85  6:33  SCV  
  85  6:36  Hellion x2  
  85  6:38  Infernal Pre-Igniter  
  90  6:41  SCV  
  90  6:42  SCV  
  90  6:45  SCV  
  93  6:53  SCV, Hellion x2  
  98  6:55  Factory Tech Lab, Factory Reactor, Supply Depot  
  98  6:56  SCV, Liberator  
  98  6:59  SCV, Liberator  
  100  7:03  Factory Reactor  
  100  7:05  Hellion x2  
  100  7:08  SCV  
  105  7:11  SCV, Hellion x7  
  109  7:18  Supply Depot x4  
  109  7:19  Siege Tank  
  115  7:30  Hellion  
  117  7:39  Hellion, Siege Tank x2  
  125  7:45  Hellion x2, Command Center  
  125  7:48  Liberator  
  125  7:49  Liberator  
  125  7:50  Supply Depot  
  129  7:52  Hellion  
  129  8:03  Hellion  
  119  8:10  Hellion x2  
  119  8:11  Siege Tank  
  132  8:17  Terran Vehicle Weapons Level 2, Terran Vehicle And Ship Armor Level 2  
  132  8:19  Siege Tank x2  
  138  8:27  Missile Turret  
  138  8:31  Liberator  
  138  8:33  Missile Turret  
  138  8:39  Hellion x2  
  138  8:40  Hellion x2  
  143  8:43  Siege Tank  
  146  8:51  Siege Tank  
  149  8:58  Thor  
  149  9:01  Viking  
  151  9:08  Hellion x4  
  155  9:14  Refinery  
  155  9:16  Hellion, Refinery  
  157  9:20  Missile Turret  
  157  9:23  Siege Tank  
  159  9:26  Factory  
  159  9:29  Factory  
  159  9:31  Viking  
  159  9:36  Command Center  
  163  9:38  Hellion, Siege Tank  
  163  9:45  Hellion  
  168  9:51  Hellion, Siege Tank  
  169  10:03  Hellion, Siege Tank  
  157  10:18  Factory Reactor  
  157  10:19  SCV, Factory Tech Lab  
  156  10:27  Siege Tank x2  
  160  10:35  Thor  
  160  10:41  Missile Turret  
  164  10:44  Missile Turret  
  164  10:48  Orbital Command  
  154  10:54  Planetary Fortress  
  154  10:55  SCV  
  155  10:57  Widow Mine x2  
  155  10:58  Widow Mine x2  
  161  11:08  Thor, Siege Tank  
  161  11:09  Hellion x2, Missile Turret  
  146  11:37  Hellbat, Thor, Factory Reactor, Orbital Command  
  146  11:38  Missile Turret  
  154  11:44  Drilling Claws  
  154  11:47  Orbital Command  
  154  11:51  Thor  
  160  12:10  Thor x2  
  172  12:21  SCV  
  172  12:22  Hellion  
  173  12:23  Thor  
  173  12:28  SCV x3  
  182  12:33  SCV  
  180  12:39  Thor  
  186  12:50  Refinery x2  
  186  12:52  Terran Vehicle Weapons Level 3  
  185  13:02  Mag-Field Accelerator  
  185  13:07  Supply Depot  
  185  13:08  Supply Depot x2  
  185  13:12  Command Center  
  185  13:30  Thor  
  191  13:35  Supply Depot  
  191  13:36  Thor  
  197  13:46  Hellion  
  199  13:52  Thor  
  199  14:03  Thor x2  
  199  14:09  Supply Depot  
  197  14:10  Supply Depot  
  187  14:20  Hellion, Siege Tank x2  
  181  14:28  Siege Tank  
  181  14:29  Hellion  
  176  14:35  Siege Tank  
  176  14:36  Viking x2  
  166  14:39  Hellion x2  
  151  14:50  Orbital Command  
  143  14:55  Hellion  
  143  14:57  Starport  
  139  15:00  Starport  
  139  15:01  Thor, Siege Tank  
  139  15:02  Hellion  
  139  15:06  Viking x2  
  136  15:07  Thor  
  127  15:23  Thor  
  127  15:24  SCV, Hellion x3  
  134  15:33  Siege Tank  
  137  15:35  Viking  
  137  15:37  Hellion  
  137  15:41  Viking  
  139  15:44  Thor  
  139  15:45  SCV  
  139  15:46  Hellion x2  
  146  15:59  Command Center  
  146  16:03  Command Center  
  146  16:05  Viking  
  148  16:13  Starport x2  
  148  16:14  Thor  
  154  16:18  Viking  
  154  16:30  Thor  
  154  16:31  Hellion x2  
  162  16:34  Hellion x2  
  162  16:37  Orbital Command  
  163  16:49  Viking x2  
  163  16:53  Viking  
  161  17:07  Viking  
  163  17:13  SCV x3  
  163  17:14  SCV  
  167  17:21  Viking  
  167  17:22  Hellion x2  
  171  17:34  Hellion x2, Siege Tank  
  172  17:40  Viking x2, Missile Turret  
  172  17:42  Missile Turret, Orbital Command  
  174  17:55  Thor  
  174  17:58  Hellion x2  
  158  17:59  Hellion x4  
  142  18:07  Hellion  
  142  18:10  Viking  
  123  18:19  Hellion x2  
  114  18:21  Hellion x3  
Tags
 
Add a new tag
Caveats
  • Supply blocks, unpowered buildings, or Contaminate may cause inaccurate times.
  • Supply counts are checked every 10 seconds.